 Dungeon Crawl Stone Soup version 0.26.1-11-gd32895ea62 (webtiles) character file.

Game seed: 5479987916885244086

169 Zeld the Sneak (level 5, -2/25 HPs)
             Began as a Spriggan Brigand on June 4, 2021.
             Was an Initiate of Dithmenos.
             Slain by an orc
             ... wielding a +0 mace
              (5 damage)
             ... on level 3 of the Dungeon.
             The game lasted 00:06:37 (7501 turns).

Zeld the Sneak (Spriggan Brigand)                   Turns: 7501, Time: 00:06:39

Health: -2/25      AC:  3    Str:  7    XL:     5   Next: 25%
Magic:  6/6        EV: 17    Int: 12    God:    Dithmenos [......]
Gold:   177        SH:  0    Dex: 19    Spells: 4/4 levels left

rFire    . . .     SeeInvis +   a - +2 dagger
rCold    . . .     Faith    .   (shield restricted)
rNeg     . . .     Spirit   .   b - +0 robe
rPois    .         Reflect  .   (helmet restricted)
rElec    .         Harm     .   c - +0 cloak
rCorr    .         Rampage  .   (gloves unavailable)
Will     .....                  (boots unavailable)
Stlth    ++++......             (no amulet)
HPRegen  0.08/turn              (no ring)
MPRegen  0.10/turn              (no ring)

@: very quick
A: very small, unfitting armour, see invisible, speed 3
a: Renounce Religion


You were on level 3 of the Dungeon.
You worshipped Dithmenos.
Dithmenos was noncommittal.
You visited 1 branch of the dungeon, and saw 3 of its levels.

You collected 177 gold pieces.

Inventory:

Hand Weapons
 a - a +2 dagger (weapon)
Missiles
 d - 52 poisoned darts (quivered)
 e - 2 curare-tipped darts
Armour
 b - a +0 robe (worn)
 c - a +0 cloak (worn)
Jewellery
 j - a cursed amulet of inaccuracy {unknown}
Scrolls
 g - a scroll of fear {unknown}
 h - 3 scrolls of fog {unknown}
 i - 4 scrolls of teleportation {unknown}
 l - 4 scrolls of identify {unknown}
 n - 4 scrolls of remove curse {unknown}
Potions
 f - 4 potions of mutation {unknown}
 k - a potion of degeneration {unknown}
 m - a potion of heal wounds {unknown}
 o - a potion of curing {unknown}


   Skills:
 - Level 1.5 Fighting
 - Level 2.1 Short Blades
 * Level 4.6 Throwing
 - Level 1.5 Dodging
 + Level 7.5 Stealth


You had 4 spell levels left.
You didn't know any spells.
Your spell library was empty.

Dungeon Overview and Level Annotations

Branches:
Dungeon (3/15)

Altars:
Dithmenos
Makhleb
Vehumet
Yredelemnul

Annotations:
D:3 Ijyb


Innate Abilities, Weirdness & Mutations

You are very small and have problems with some larger weapons.
You are too small for most types of armour.
You have supernaturally acute eyesight. (SInv)
You cover ground extremely quickly.


Message History

The orc is almost dead.
The orc misses you.
You hit the orc but do no damage.
The orc is almost dead.
You hit the orc but do no damage.
The orc is almost dead.
The orc closely misses you.
You hit the orc.
You kill the orc!
Dithmenos accepts your kill.
Ijyb shouts!
The orc wizard casts a spell at you. The puff of flame hits you!
You hit the orc.
The orc is heavily wounded.
The orc wizard casts a spell at you. The magic dart hits you!
* * * LOW HITPOINT WARNING * * *
The orc hits you with a +0 mace.
You die...

#.###.#...........#.######
.## #.#÷.....###<...†###### #
#.#..P...# #..........#
#.#....P.###.....####.#######
.#.........go.#.#####.##.....
###....P.###.##.o.g)oo.......
#.. #......#
#.##.#####.##.#### ..#
###.##.###.##....##.##.# #..
#.....[<.@o.....##.##.#
#......###.#####.##.##.#
#.##.#### #.# .##.##.# #.##..
... ##.##.# ## #.. ....#
..##.# # ##...# ###### ##...
.....# #.## ####.#


You could see Ijyb, an orc wizard and an orc.

Vanquished Creatures
  Natasha (D:3)
  7 adders
  3 worms
  2 leopard geckos
  7 orcs
  3 giant cockroaches
  4 goblins
  6 hobgoblins
  4 jackals (D:2)
  4 quokkas
  3 ball pythons
  7 bats
  A frilled lizard (D:1)
  A giant cockroach zombie (D:3)
  7 kobolds
  5 rats
  A spectral orc (D:2)
66 creatures vanquished.

Vanquished Creatures (others)
  An adder (D:2)
  A rat (D:2)
  8 fungi (D:3)
  5 toadstools (D:3)
15 creatures vanquished.

Grand Total: 81 creatures vanquished

Notes
Turn   | Place    | Note
-------+----------+-------------------------------------------
     0 | D:1      | Zeld the Spriggan Brigand began the quest for the Orb.
     0 | D:1      | Reached XP level 1. HP: 10/10 MP: 2/2
   424 | D:1      | Reached skill level 6 in Stealth
   900 | D:2      | Reached XP level 2. HP: 9/14 MP: 3/3
  2535 | D:2      | Reached XP level 3. HP: 18/18 MP: 4/4
  2565 | D:2      | Found a shadowy altar of Dithmenos.
  3053 | D:2      | Reached XP level 4. HP: 14/22 MP: 5/5
  3107 | D:2      | Found a basalt altar of Yredelemnul.
  3139 | D:2      | Became a worshipper of Dithmenos the Shadowed
  3806 | D:2      | Reached skill level 7 in Stealth
  3853 | D:2      | Found a radiant altar of Vehumet.
  4214 | D:2      | Found a burning altar of Makhleb.
  5013 | D:3      | Noticed Natasha
  6256 | D:3      | Reached * piety under Dithmenos
  6271 | D:3      | Reached XP level 5. HP: 13/25 MP: 6/6
  7002 | D:3      | Killed Natasha
  7118 | D:3      | Noticed Ijyb
  7501 | D:3      | Slain by an orc

Illustrated notes

Levels and vault maps discovered:
D:1:      nagdon_arrival_double_spiral, layout_basic, chequers_arboretum
D:2:      layout_basic, nicolae_overflow_crystal_walls,
          yredelemnul_forgotten_temple_becter, fiery_altar_vehumet,
          general_overflow_altar
D:3:      layout_loops_ring, minmay_gold_behind_fungi, minmay_pentomino_pile,
          uniq_ijyb, uniq_natasha, uniq_jessica

Skill      XL: |  1  2  3  4 |
---------------+-------------+-----
Stealth        | 6 7 |  7.5
Throwing       | 3 4 |  4.6
Fighting       | |  1.5
Short Blades   | |  2.1
Dodging        | |  1.5

Action                   |  1- 3 |  4- 6 || total
-------------------------+-------+-------++-------
Melee: Dagger            |   118 |   222 ||   340
 Stab: Sleeping          |     5 |    10 ||    15
Armor: Robe              |    20 |    20 ||    40
Dodge: Dodged            |    87 |   156 ||   243
